 Dungeon Crawl Stone Soup version 0.29-a0-477-g62b78b4 (webtiles) character file.

Game seed: 13183576856823636862

9810 Toastz the Severer (level 11, -9/105 HPs)
             Began as a Hill Orc Fighter on May 24, 2022.
             Was a High Priest of Dithmenos.
             Mangled by a vampire mosquito (10 damage)
             ... on level 10 of the Dungeon.
             The game lasted 00:28:59 (10806 turns).

Toastz the Severer (Hill Orc Fighter)              Turns: 10806, Time: 00:28:59

Health: -9/105     AC: 13    Str: 24    XL:     11   Next: 52%
Magic:  13/13      EV: 11    Int:  8    God:    Dithmenos [*****.]
Gold:   534        SH: 10    Dex: 10    Spells: 10/10 levels left

rFire   + . .      SeeInvis .   a - +4 war axe
rCold   . . .      Faith    .   c - +0 buckler
rNeg    . . .      Spirit   .   K - +0 swamp dragon scales
rPois   +          Reflect  +   (no helmet)
rElec   .          Harm     .   n - +2 cloak
rCorr   .          Rampage  .   D - +0 pair of gloves
Will    .....                   u - +0 pair of boots
Stlth   ..........              Q - amulet of reflection
HPRegen 0.27/turn               l - ring of protection from fire
MPRegen 0.13/turn               t - ring of poison resistance

@: wreathed by umbra
A: no striking features
a: Renounce Religion, Shadow Step, Shadow Form


You were on level 10 of the Dungeon.
You worshipped Dithmenos.
Dithmenos was extremely pleased with you.
You visited 1 branch of the dungeon, and saw 10 of its levels.

You collected 534 gold pieces.

Inventory:

Hand Weapons
 a - a +4 war axe (weapon)
 d - a +2 hand axe of freezing
Missiles
 f - 200 stones
 x - 42 poisoned darts
 y - 8 javelins
 z - 4 boomerangs (quivered)
Armour
 c - a +0 buckler (worn)
 g - a +0 tower shield
 n - a +2 cloak (worn)
 u - a +0 pair of boots (worn)
 D - a +0 pair of gloves (worn)
 K - +0 swamp dragon scales (worn)
Jewellery
 l - a ring of protection from fire (left hand)
 t - a ring of poison resistance (right hand)
 L - a ring of ice
 O - a ring of protection from fire
 Q - an amulet of reflection (around neck)
Wands
 b - a wand of acid (3)
 r - a wand of iceblast (2)
 F - a wand of flame (9)
 H - a wand of mindburst (6)
 J - a wand of paralysis (6)
Scrolls
 e - 4 scrolls of magic mapping
 h - a scroll of silence {unknown}
 m - 5 scrolls of teleportation
 o - 3 scrolls of vulnerability
 p - 4 scrolls of amnesia
 s - 2 scrolls of blinking {unknown}
 A - 2 scrolls of fog
 B - a scroll of brand weapon
 C - 2 scrolls of immolation
 G - a scroll of poison {unknown}
 M - a scroll of enchant armour {unknown}
 P - a scroll of fear {unknown}
Potions
 i - a potion of heal wounds
 j - 2 potions of brilliance
 k - 2 potions of magic
 q - 2 potions of berserk rage
 v - a potion of flight {unknown}
 w - 2 potions of mutation {unknown}
 E - a potion of attraction {unknown}
 I - a potion of might
 N - 4 potions of curing


   Skills:
 + Level 12.5 Fighting
 - Level 16.0 Axes
 + Level 4.8 Throwing
 + Level 4.0 Armour
 - Level 2.0 Dodging
 - Level 5.0 Shields
 + Level 3.2 Invocations


You had 10 spell levels left.
You didn't know any spells.
Your spell library contained the following spells:

 Spells                   Type           Power      Damage    Failure   Level
 Necrotize                Necr           0%         1d4       65%         1
 Sandblast                Erth           0%         2d4       65%         1
 Ensorcelled Hibernation  Hex/Ice        0%         N/A       78%         2
 Passwall                 Tmut/Erth      0%         N/A       78%         2
 Poisonous Vapours        Pois/Air       0%         N/A       78%         2
 Static Discharge         Conj/Air       0%         N/A       78%         2
 Gell's Gravitas          Tloc           0%         N/A       95%         3
 Lesser Beckoning         Tloc           0%         N/A       95%         3
 Portal Projectile        Hex/Tloc       0%         N/A       95%         3
 Spider Form              Tmut/Pois      0%         N/A       95%         3
 Stone Arrow              Conj/Erth      0%         3d7       95%         3
 Teleport Other           Tloc           0%         N/A       95%         3
 Tukima's Dance           Hex            0%         N/A       95%         3
 Vampiric Draining        Necr           0%         2d6       95%         3
 Anguish                  Hex/Necr       0%         N/A       100%        4
 Corpse Rot               Necr/Pois/Air  0%         N/A       100%        4
 Dispel Undead            Necr           0%         3d6       100%        4
 Sticky Flame             Conj/Fire      0%         2d3       100%        4
 Agony                    Necr           0%         N/A       100%        5
 Blade Hands              Tmut           0%         N/A       100%        5


Dungeon Overview and Level Annotations

Branches:
Dungeon (10/15)            Temple (0/1) D:5
   Lair: D:8-11         Orc: D:9-12

Altars:
Ashenzari
Cheibriados
Dithmenos
Elyvilon
Nemelex Xobeh
Okawaru
Qazlal
Ru
Sif Muna
Trog
Vehumet
Yredelemnul
The Shining One

Annotations:
D:9 exclusion: door
D:10 Lodul


Message History

The vampire mosquito draws strength from your injuries!
Lodul the Thundrous comes into view.
He is wielding a +0 dire flail.
You hear a shout! x2
You slash the vampire mosquito!
The vampire mosquito is moderately damaged.
The vampire mosquito barely misses you.
The vampire mosquito attacks as you move away!
The vampire mosquito bites you!
The vampire mosquito draws strength from your injuries!
The vampire mosquito closely misses you.
You see here a potion of might.
The vampire mosquito attacks as you move away!
The vampire mosquito closely misses you.
The vampire mosquito misses you.
The vampire mosquito attacks as you move away!
The vampire mosquito barely misses you.
You block the vampire mosquito's attack.
The vampire mosquito attacks as you move away!
The vampire mosquito misses you.
Electricity crackles from Lodul's apparatus.
The bolt of lightning hits you!!
The vampire mosquito closely misses you.
An orc warrior comes into view. It is wielding a +0 glaive of venom.
The vampire mosquito attacks as you move away!
The vampire mosquito closely misses you.
Electricity crackles from Lodul's apparatus.
The bolt of lightning hits you!! The vampire mosquito barely misses you.
The vampire mosquito bites you!
The vampire mosquito draws strength from your injuries!
The vampire mosquito attacks as you move away!
The vampire mosquito bites you!
The vampire mosquito draws strength from your injuries!
Electricity crackles from Lodul's apparatus.
The bolt of lightning hits you!!
* * * LOW HITPOINT WARNING * * *
You emit a cloud of dark smoke.
The vampire mosquito completely misses you.
An ogre comes into view. It is wielding a +0 giant club.
The vampire mosquito bites you!
You die...

#. ............ .. #.##
#o..O.O.... ... #...#
###.#........ .#.. ....
##..........###..... #.#.##
#..#.....O..........
#.#..###.#.....###O........
..##............O...O.......#.
.............§#yy.....####.#..
.............§@yy.##### #
..###.#.#########.# #.#[## #.#
#.#).## ##.# #)<...# #..# .
#.....######.###....
##.....#.........#
#...........#####
#....#......#


You could see Lodul, 4 vampire mosquitoes and 4 ogres.

Vanquished Creatures
  A centaur warrior (D:8)
  A two-headed ogre (D:8)
  Urug (D:10)
  Pikel (D:6)
  Maurice (D:9)
  Psyche (D:8)
  A kobold demonologist (D:9)
  Maggie (D:8)
  A troll (D:9)
  Grinder (D:3)
  A slime creature (D:8)
  Sigmund (D:5)
  A wyvern (D:9)
  Grum (D:8)
  4 yaks (D:9)
  A steam dragon (D:8)
  A water moccasin (D:5)
  A black bear (D:8)
  2 sky beasts
  3 wolves (D:8)
  4 ice beasts
  3 lemures (D:6)
  A centaur (D:9)
  8 bullfrogs
  6 kobold brigands
  Blork the orc (D:5)
  2 gnoll sergeants
  3 necrophages
  3 scorpions
  5 wights
  11 killer bees
  3 howler monkeys
  4 hounds
  4 jellies
  7 orc priests
  A gnoll shaman (D:9)
  7 iguanas
  11 orc wizards
  Natasha (twice) (D:3)
  8 adders
  19 gnolls
  3 ufetubi
  A worm (D:2)
  8 dart slugs
  47 orcs
  4 endoplasms
  5 giant cockroaches
  7 goblins
  9 hobgoblins
  7 jackals
  4 quokkas
  4 ball pythons
  7 bats
  5 frilled lizards
  29 kobolds
  3 rats
282 creatures vanquished.

Vanquished Creatures (others)
  A kobold (D:7)
  8 plants (D:10)
9 creatures vanquished.

Grand Total: 291 creatures vanquished

Notes
Turn   | Place    | Note
-------+----------+-------------------------------------------
     0 | D:1      | Toastz the Hill Orc Fighter began the quest for the Orb.
     0 | D:1      | Reached XP level 1. HP: 19/19 MP: 1/1
    42 | D:1      | Reached skill level 3 in Axes
   103 | D:1      | Reached XP level 2. HP: 23/27 MP: 2/2
   497 | D:1      | Reached skill level 4 in Axes
   508 | D:1      | Reached XP level 3. HP: 33/33 MP: 3/3
  1014 | D:2      | Found a faded altar of an unknown god.
  1066 | D:2      | Prayed at the altar of an unknown god.
  1066 | D:2      | Became a worshipper of Dithmenos the Shadowed
  1066 | D:2      | Reached * piety under Dithmenos
  1471 | D:2      | Reached XP level 4. HP: 38/41 MP: 4/4
  1783 | D:3      | Reached skill level 5 in Axes
  2042 | D:3      | Reached ** piety under Dithmenos
  2043 | D:3      | Noticed Grinder
  2045 | D:3      | Paralysed by Grinder for 2 turns
  2081 | D:3      | Paralysed by Grinder for 4 turns
  2085 | D:3      | Killed Grinder
  2086 | D:3      | Reached skill level 5 in Fighting
  2086 | D:3      | Reached skill level 7 in Axes
  2086 | D:3      | Reached XP level 5. HP: 26/48 MP: 5/5
  2086 | D:3      | Reached XP level 6. HP: 30/56 MP: 6/6
  2405 | D:3      | Noticed Natasha
  2410 | D:3      | Killed Natasha
  2716 | D:3      | Noticed Natasha
  2727 | D:3      | Killed Natasha
  2984 | D:3      | Found a broken altar of Ashenzari.
  3200 | D:4      | Found a shadowy altar of Dithmenos.
  3379 | D:4      | Reached skill level 1 in Invocations
  3391 | D:4      | Reached skill level 8 in Axes
  3391 | D:4      | Reached XP level 7. HP: 53/63 MP: 6/8
  4247 | D:5      | Entered Level 5 of the Dungeon
  4309 | D:4      | Reached skill level 9 in Axes
  4376 | D:4      | Reached *** piety under Dithmenos
  4377 | D:4      | Reached XP level 8. HP: 60/73 MP: 9/9
  4456 | D:5      | Noticed Sigmund
  4461 | D:5      | Killed Sigmund
  4462 | D:5      | Reached skill level 10 in Axes
  4638 | D:5      | Found a staircase to the Ecumenical Temple.
  4774 | D:5      | Noticed Blork the orc
  4793 | D:5      | Killed Blork the orc
  4886 | D:5      | Reached skill level 11 in Axes
  4954 | D:5      | Found a glowing golden altar of the Shining One.
  5359 | D:5      | Reached skill level 1 in Dodging
  5687 | D:5      | Reached XP level 9. HP: 36/82 MP: 10/10
  5943 | D:6      | Noticed Pikel
  6001 | D:6      | Killed Pikel
  6002 | D:6      | Reached skill level 12 in Axes
  6123 | D:6      | Found an iron altar of Okawaru.
  6286 | D:6      | Reached skill level 13 in Axes
  6475 | D:6      | Reached **** piety under Dithmenos
  6836 | D:7      | Found a bloodstained altar of Trog.
  6958 | D:7      | Reached XP level 10. HP: 85/91 MP: 11/11
  6963 | D:7      | Identified the +0 leather armour "Dyef" {Slay+4 Stlth+}
  7137 | D:7      | Reached skill level 14 in Axes
  7147 | D:7      | Reached skill level 5 in Shields
  7265 | D:7      | Found a sacrificial altar of Ru.
  7638 | D:8      | Noticed a two-headed ogre
  7648 | D:8      | Killed a two-headed ogre
  7649 | D:8      | Reached skill level 10 in Fighting
  7649 | D:8      | Reached skill level 1 in Throwing
  7818 | D:8      | Noticed Psyche
  7828 | D:8      | Killed Psyche
  8074 | D:8      | Noticed a centaur warrior
  8086 | D:8      | Reached ***** piety under Dithmenos
  8090 | D:8      | Killed a centaur warrior
  8091 | D:8      | Reached skill level 15 in Axes
  8245 | D:8      | Found a sparkling altar of Nemelex Xobeh.
  8379 | D:8      | Noticed Maggie
  8398 | D:8      | Killed Maggie
  8512 | D:8      | Found a radiant altar of Vehumet.
  8541 | D:8      | Noticed Grum
  8567 | D:8      | Killed Grum
  8703 | D:8      | Found a sparkling altar of Nemelex Xobeh.
  8920 | D:8      | Found a broken altar of Ashenzari.
  8927 | D:8      | Reached skill level 16 in Axes
  8931 | D:8      | Reached XP level 11. HP: 100/102 MP: 12/12
  9430 | D:9      | Found a snail-covered altar of Cheibriados.
  9473 | D:9      | Found a shimmering blue altar of Sif Muna.
  9614 | D:9      | Noticed Maurice
  9621 | D:9      | Killed Maurice
 10061 | D:9      | Found a white marble altar of Elyvilon.
 10080 | D:9      | Found a stormy altar of Qazlal.
 10080 | D:9      | Found a basalt altar of Yredelemnul.
 10329 | D:9      | Noticed a soul eater
 10487 | D:10     | Entered Level 10 of the Dungeon
 10514 | D:10     | Noticed Urug
 10646 | D:10     | Killed Urug
 10797 | D:10     | Noticed Lodul
 10806 | D:10     | HP: 1/105 [Lodul/bolt of lightning (34)]
 10806 | D:10     | Mangled by a vampire mosquito

Illustrated notes

Levels and vault maps discovered:
D:1:      psy_arrival_dodecagon, layout_loops_cross
D:2:      layout_basic, basic_ecumenical_altar
D:3:      layout_basic, mainiacjoe_overflow_alcove_4, uniq_grinder, uniq_natasha
D:4:      layout_basic, nicolae_dithmenos_shadow_blocks
D:5:      layout_cave_pods, tso_metal_star, minmay_temple_entry_proselytizer,
          uniq_blork_the_orc, uniq_sigmund
D:6:      layout_cave_pools, mainiacjoe_overflow_small_starburst,
          kennysheep_big_empty_room, st_stairs_11, dk_noncrumbling_4,
          eino_small_chamber_without_monster, uniq_pikel
D:7:      layout_cave_pools, nicolae_ru_sacrificial_ziggurat,
          lemuel_doored_altar
D:8:      cheibrodos_iron_armory, layout_loops_ring, mainiacjoe_overflow_paths,
          old_standard_altar, hangedman_feature_mirror, uniq_maggie,
          uniq_psyche, uniq_grum
D:9:      nicolae_cairo_tiling_very_big, layout_rooms, led_sif_book,
          mainiacjoe_overflow_divided_tiny, mainiacjoe_overflow_alcove_1,
          lemuel_round_altar, uniq_maurice
D:10:     layout_rooms, serial_bayou_ford_a, uniq_urug, uniq_lodul

Skill      XL: |  1  2  3  4  5  6  7  8  9 10 11 |
---------------+----------------------------------+-----
Axes           | 3 4 7 8 9 11 13 16 | 16.0
Fighting       | 4 5 6 7 8 9 11 12 | 12.5
Invocations    | 1 2 3 |  3.2
Dodging        | 1 2 |  2.0
Shields        | 4 5 |  5.0
Throwing       | 3 4 |  4.8
Armour         | 4 |  4.0

Action                   |  1- 3 |  4- 6 |  7- 9 | 10-12 || total
-------------------------+-------+-------+-------+-------++-------
Melee: War axe           |   111 |   138 |   305 |   307 ||   861
Throw: Stone             |       |    58 |    16 |       ||    74
       Boomerang         |       |       |    70 |    63 ||   133
Evoke: Wand              |       |     2 |     3 |     2 ||     7
  Use: Scroll            |     5 |     1 |     3 |     5 ||    14
       Potion            |       |     2 |     1 |       ||     3
Armor: Scale mail        |    49 |    41 |   161 |    28 ||   279
       Swamp dragon scal |       |       |       |    70 ||    70
Dodge: Dodged            |    64 |    63 |   136 |   139 ||   402
Block: Buckler           |    25 |    32 |    71 |    59 ||   187

Table legend: (Time is in decaauts)
 A = Elapsed time spent in this place.
 B = Non-inter-level travel time spent in this place.
 C = Inter-level travel time spent in this place.
 D = Time resting spent in this place.
 E = Time spent auto-exploring this place.
 F = Levels seen in this place.
 G = Mean time per level.
                   A        B        C        D        E       F      G
               +--------+--------+--------+--------+--------+-----+--------+
         Total |  10841 |  10460 |    381 |   2515 |   5953 |  10 | 1084.1 |
       Dungeon |  10841 |  10460 |    381 |   2515 |   5953 |  10 | 1084.1 |
               +--------+--------+--------+--------+--------+-----+--------+

Top non-repeatable levels by time:
     D:8: 1805 daAuts
     D:5: 1472 daAuts
     D:3: 1390 daAuts
     D:4: 1310 daAuts
     D:9: 1146 daAuts
     D:1: 1037 daAuts
     D:6: 961 daAuts
     D:2: 765 daAuts
     D:7: 730 daAuts
    D:10: 221 daAuts
